 Dungeon Crawl Stone Soup version 0.21-a0-143-g1ab7d47 (webtiles) character file.

641434 Gorglomux the Executioner (level 27, -9/264 HPs)
             Began as a Hill Orc Conjurer on July 23, 2017.
             Was the Champion of Okawaru.
             Killed from afar by an ancient lich (38 damage)
             ... with a bolt of lightning
             ... on level 5 of the Realm of Zot on July 24, 2017.
             The game lasted 03:45:12 (67545 turns).

Gorglomux the Executioner (Hill Orc Conjurer)      Turns: 67545, Time: 03:45:12

Health: -9/264     AC: 31    Str: 22    XL:     27
Magic:  0/35       EV: 22    Int: 19    God:    Okawaru [******]
Gold:   3108       SH: 34    Dex: 16    Spells: 28/37 levels left

rFire    + + +     SeeInvis +   a - +9 broad axe (chop)
rCold    + + +     Gourm    .   t - +8 large shield
rNeg     + + +     Faith    .   A - +9 chain mail of Perpetual Drought {Regen+ Str+2 Slay+3}
rPois    +         Spirit   +   o - +0 helmet "Mymuret" {god gift, rF- rC++ MR++}
rElec    .         Reflect  .   c - scarf {rC+ rF+} {god gift}
rCorr    .         Harm     .   u - +0 pair of fencer's gloves {+Riposte Dex+3}
MR       +++++                  d - +2 pair of boots
Stlth    ..........             f - amulet "Hottedgh" {Spirit rF+ rN++ MR+}
HPRegen  0.94/turn              x - ring of Honesty {*Slow rF+++ Int+4 SInv}
MPRegen  0.24/turn              m - ring "Jesug" {*Corrode rPois rN+ MR++}

@: about to teleport, heroism, finesse, corroded, hasted, very quick
A: repulsion field 1, sense surroundings 1, weak 1
}: 4/15 runes: decaying, slimy, silver, gossamer
a: Heroism, Finesse, Renounce Religion


You were on level 5 of the Realm of Zot.
You worshipped Okawaru.
Okawaru was exalted by your worship.
You were not hungry.

You visited 11 branches of the dungeon, and saw 55 of its levels.
You visited 1 bazaar.
You visited 1 ziggurat, and saw 8 of its levels.
You also visited: Trove and Ice Cave.

You collected 7044 gold pieces.
You spent 3936 gold pieces at shops.

Inventory:

Hand Weapons
 a - a +9 broad axe of chopping (weapon)
 b - the +5 broad axe "Guetwida" {drain, MR+}
   (You took it off an ironheart preserver on level 5 of the Vaults)

   A truly terrible weapon, it drains the life of those it strikes.
   It affects your resistance to hostile enchantments.
Missiles
 Z - 12 throwing nets (quivered)
Armour
 c - a scarf of resistance (worn) {god gift}
 d - a +2 pair of boots (worn)
 o - the +0 helmet "Mymuret" (worn) {god gift, rF- rC++ MR++}
   (Okawaru gifted it to you on level 5 of the Pits of Slime)

   It makes you vulnerable to fire.
   It greatly protects you from cold.
   It affects your resistance to hostile enchantments.
 t - a +8 large shield (worn)
 u - the +0 pair of fencer's gloves (worn) {+Riposte Dex+3}
   (You bought it in a shop in a bazaar)

   It affects your dexterity (+3).
 A - the +9 chain mail of Perpetual Drought (worn) {Regen+ Str+2 Slay+3}
   (You found it on level 1 of the Vaults)

   It affects your strength (+2).
   It affects your accuracy and damage with ranged weapons and melee attacks
   (+3).
   It increases your rate of regeneration.
Jewellery
 f - the amulet "Hottedgh" (around neck) {Spirit rF+ rN++ MR+}
   (You found it in a treasure trove)

   [amulet of guardian spirit]

   It causes incoming damage to be split between your health and magic.
   It protects you from fire.
   It greatly protects you from negative energy.
   It affects your resistance to hostile enchantments.
 g - an uncursed ring of resist corrosion
 m - the ring "Jesug" (right hand) {*Corrode rPois rN+ MR++}
   (You took it off a deep elf elementalist on level 3 of the Elven Halls)

   [ring of positive energy]

   It protects you from poison.
   It protects you from negative energy.
   It affects your resistance to hostile enchantments.
   It may corrode you when you take damage.
 x - the ring of Honesty (left hand) {*Slow rF+++ Int+4 SInv}
   (You found it in a treasure trove)

   [ring of see invisible]

   It affects your intelligence (+4).
   It renders you almost immune to fire.
   It lets you see invisible.
   It may slow you when you take damage.
 L - a +6 ring of evasion
Wands
 l - a wand of acid (15/15)
 D - a wand of digging (21/24)
 I - a wand of iceblast (8/15)
 O - a wand of clouds (8/9)
 P - a wand of paralysis (23/24)
 S - a wand of scattershot (9/9)
Scrolls
 h - 5 scrolls of fear
 k - a scroll of silence
 p - 15 scrolls of enchant weapon
 r - 2 scrolls of holy word
 v - 7 scrolls of immolation
 y - 34 scrolls of remove curse
 B - 3 scrolls of blinking
 F - 3 scrolls of fog
 M - 3 scrolls of magic mapping
 N - 6 scrolls of summoning
 R - 7 scrolls of identify
 T - 13 scrolls of teleportation
Potions
 e - 6 potions of mutation {!q}
 i - 5 potions of invisibility
 j - a potion of resistance
 q - 8 potions of agility
 s - 8 potions of haste
 w - 2 potions of berserk rage
 E - 10 potions of heal wounds
 G - 5 potions of might
 H - a potion of cancellation
 J - 7 potions of ambrosia
 K - a potion of lignification
 Q - 14 potions of curing
Miscellaneous
 C - a fan of gales
 U - 4 boxes of beasts
 V - 3 phantom mirrors
 W - 4 sacks of spiders
 X - a phial of floods
 Y - a lamp of fire
Comestibles
 n - 30 bread rations


   Skills:
 - Level 24.6(27) Fighting
 - Level 25.1(27) Axes
 - Level 23.5(27) Armour
 - Level 12.1(17.1) Dodging
 - Level 1.5(6.5) Stealth
 - Level 23.3(27) Shields
 + Level 5.5 Spellcasting
 - Level 5.4 Conjurations
 + Level 5.0 Charms
 + Level 5.3 Necromancy
 - Level 2.9 Transmutations
 - Level 3.6 Earth Magic
 - Level 11.1 Invocations
 - Level 16.0 Evocations


You had 28 spell levels left.
You knew the following spells:

 Your Spells              Type           Power        Failure   Level  Hunger
b - Searing Ray           Conj           ####..       4%          2    None
c - Passwall              Tmut/Erth      ###.......   12%         2    None
y - Song of Slaying       Chrm           ###.....     5%          2    None
R - Regeneration          Chrm/Necr      ###.......   11%         3    ##.....


Dungeon Overview and Level Annotations

Branches:
Dungeon (15/15)            Temple (1/1) D:7            Lair (6/6) D:8
  Swamp (4/4) Lair:2       Spider (4/4) Lair:3        Slime (5/5) Lair:5
    Orc (2/2) D:10            Elf (3/3) Orc:2        Vaults (5/5) D:13
  Crypt (0/3) Vaults:3     Depths (5/5) D:15            Zot (5/5) Depths:5

Altars:
Ashenzari
Cheibriados
Fedhas
Gozag
Kikubaaqudgha
Makhleb
Okawaru
Qazlal
Ru
Wu Jian
Zin
The Shining One
Beogh
Jiyva

Shops:
D:7 *[%*   D:10 [:(   D:11 [   D:12 (   D:14 %   Orc:2 [*(=   Elf:1 !   Elf:2 %
Vaults:1 [   Vaults:2 ?   Vaults:3 [   Vaults:5 :

Portals:
Hell: Depths:1 Depths:2 Depths:3 Depths:4 Depths:5
Abyss: Depths:1 Depths:2 Depths:4 Depths:5
Pandemonium: Depths:3

Annotations:
D:4 1 runed door
D:6 exclusion: oklob plant
Lair:2 exclusion: 2 oklob plants
Lair:3 exclusion: oklob plant
Depths:3 3 runed doors, exclusion: door


Innate Abilities, Weirdness & Mutations

You are surrounded by a mild repulsion field. (EV +2)
You passively map a small area around you.
You are weak. (Str -2)


Message History

The curse toe is engulfed in freezing butts!
The curse toe gestures!
Unknown command!
Unknown butt!
You carve the ancient lich like a ham!!!!!!
The ancient lich is severely damaged!
You butt the butt of fire into pieces!!!
You butt the wandering mushroom like a ham!!!
You completely miss the wandering mushroom!
You open the electric golem like a pillowcase!!!
You cut the ancient lich but do no damage!
You completely miss the butt dragon! You cut the Killer Klown into butts!!!
The ancient lich points at you and mumbles some strange words!
The bolt of lightning hits you!!! * * * don't die
* * * The bolt of lightning hits the orb of fire!
The orb of fire completely resists!
The bolt of lightning hits the orb of fire!
The orb of fire completely resists!
The bolt of lightning hits you!!! rip

,,,,,,,,..§..........▓▓
,,,,,,,,.§§z§§§§......▓
,,,,,,,,.§§§§§§.......▓
,,,,,,,,..§§§§§......▓*
*,,,,,,,...§§§§§....▓*
****,,,,,,..§§§§...▓*
▓▓▓▓▓▓#▓▓▓▓##.§§..▓▓
..^............pL*.##
..##.......^..8D@f..##
###............L8f...#*
##...............^....#
#...^...........^....#
#.........^..........#
#.....^..............#
#..........^.........#
#....................#
##..................##


You could see an orb of fire, a Killer Klown, 2 electric golems, a shadow dragon
(berserk), 2 ancient liches, a curse toe and 2 wandering mushrooms.

Vanquished Creatures
  the Royal Jelly (Slime:5)
  3 ancient liches
  A juggernaut (Depths:4)
  Sojobo (Vaults:5)
  Frederick (Vaults:4)
  Bai Suzhen (Vaults:4)
  A caustic shrike (Depths:4)
  4 Killer Klowns
  3 pandemonium lords
  8 golden dragons
  A Tzitzimitl (Zig:8)
  the Enchantress (Depths:1)
  Jorgrun (Elf:3)
  13 tentacled monstrosities
  An Ice Fiend (IceCv)
  5 liches
  10 Orb Guardians (Zot:5)
  Asterion (Elf:2)
  A quicksilver dragon (Zot:5)
  18 acid blobs
  3 titans (Vaults:5)
  2 deep elf blademasters
  A deep elf master archer (Elf:3)
  2 sphinxes
  A tentacled starspawn (Zig:2)
  3 death cobs
  2 Executioners
  4 ancient champions (Zig:6)
  18 tengu reavers
  9 shadow dragons
  3 thorn hunters
  5 storm dragons
  A storm dragon (shapeshifter) (Vaults:5)
  Roxanne (Swamp:4)
  10 azure jellies
  3 ghost moths (Spider:4)
  2 draconian knights
  10 fire giants
  A black sun (Zig:4)
  14 frost giants
  22 vault wardens
  8 deep elf sorcerers
  An iron dragon (Depths:4)
  A draconian scorcher (Zot:3)
  2 draconian shifters
  4 draconian annihilators
  4 deep elf elementalists (Elf:3)
  A juggernaut zombie (Zig:8)
  19 ironheart preservers
  A draconian stormcaller (Zot:1)
  A war gargoyle (Vaults:5)
  5 spriggan defenders
  21 very ugly things
  2 reapers
  7 emperor scorpions
  31 stone giants
  2 entropy weavers
  5 vampire knights
  4 deep elf demonologists
  A red draconian (Zot:5)
  2 juggernaut skeletons (Zig:8)
  6 green draconians
  5 white draconians
  3 deep elf annihilators
  4 yellow draconians
  A purple draconian (Zot:3)
  3 black draconians
  13 spark wasps
  19 ettins
  The ghost of adeptbot the Severer, a journeyman GrBe of Trog (Lair:6)
  Snorg (Lair:3)
  A green death (Zig:5)
  12 deep elf death magi
  A blizzard demon (Zig:5)
  6 fire dragons
  A death ooze (Slime:5)
  17 yaktaur captains
  11 ogre magi
  12 deep elf high priests
  2 jiangshi
  17 hydras
  6 rakshasas
  13 great orbs of eyes
  28 vault guards
  12 ice dragons
  Harold (D:12)
  An anaconda (Swamp:3)
  4 spriggan air magi
  2 ghost crabs
  31 two-headed ogres
  8 death yaks
  32 dancing weapons
  The ghost of adeptbot the Cleaver, a journeyman GrBe of Trog (D:8)
  Erica (Orc:1)
  8 alligators
  10 centaur warriors
  6 death knights
  10 deep troll shamans
  A vampire mage (Depths:5)
  7 deep troll earth magi
  12 tengu warriors
  7 spriggan berserkers
  Urug (Lair:5)
  An alligator (shapeshifter) (Depths:5)
  A naga sharpshooter (Zig:3)
  Nergalle (D:10)
  17 deep elf knights
  A shock serpent (Zig:3)
  11 hell knights
  11 skeletal warriors
  A storm dragon skeleton (Vaults:3)
  A storm dragon zombie (Depths:2)
  A fire crab (shapeshifter) (Vaults:3)
  2 shadow wraiths
  A titan skeleton (Depths:2)
  9 unseen horrors
  A sixfirhy (Depths:3)
  A death drake (shapeshifter) (Vaults:5)
  3 spriggan druids
  An unseen horror (shapeshifter) (Vaults:4)
  A shadow demon (Depths:3)
  6 flayed ghosts
  7 shambling mangroves
  39 deep trolls
  5 glowing orange brains
  7 wizards
  19 deep elf archers
  20 swamp dragons
  A golden dragon skeleton (Depths:1)
  12 ironbrand convokers
  7 phantasmal warriors
  12 necromancers
  17 orb spiders
  14 orc knights
  A shadow dragon zombie (Depths:2)
  2 wolf spiders (shapeshifter)
  An orb spider (shapeshifter) (Vaults:3)
  A wolf spider zombie (D:14)
  30 wolf spiders
  3 tengu skeletons
  58 deep elf magi
  A faun (shapeshifter) (Depths:3)
  28 ugly things
  A shining eye (shapeshifter) (Zig:7)
  13 cyclopes
  A manticore (D:14)
  A stone giant zombie (Depths:1)
  A shining eye (Slime:5)
  13 moths of wrath
  A salamander (shapeshifter) (Vaults:1)
  A fire giant zombie (Depths:2)
  4 centaur zombies
  A water nymph (shapeshifter) (D:15)
  A fire giant skeleton (Vaults:3)
  A frost giant skeleton (Vaults:3)
  4 human skeletons (Vaults:3)
  Maurice (D:9)
  An iron dragon skeleton (Depths:2)
  An elephant (shapeshifter) (Vaults:5)
  2 stone giant skeletons
  26 vault sentinels
  2 ice statues
  4 torpor snails
  2 centaur skeletons
  An eye of devastation (Slime:5)
  A guardian serpent (Zig:3)
  21 spiny frogs
  A spiny frog (shapeshifter) (D:15)
  A naga mage (Zig:3)
  3 black mambas
  5 ice devils
  2 rime drakes
  14 freezing wraiths
  A hellion (Zig:5)
  A spriggan skeleton (Depths:3)
  6 komodo dragons
  6 tengu conjurers
  A tormentor (Zig:4)
  3 anaconda simulacra (IceCv)
  14 demonic crawlers
  85 yaktaurs
  A hellwing (Depths:3)
  A golden dragon simulacrum (IceCv)
  5 trolls
  A queen bee (shapeshifter) (Depths:3)
  11 polar bears
  A red devil (Depths:3)
  A silent spectre (Zig:8)
  A meliai (shapeshifter) (D:14)
  4 yaktaur skeletons
  11 tyrant leeches
  38 jumping spiders
  15 large abominations
  Prince Ribbit (D:8)
  24 blink frogs
  93 slime creatures
  A raiju (shapeshifter) (Depths:1)
  27 hornets
  A polar bear (shapeshifter) (Zig:7)
  10 hippogriffs
  A stone giant simulacrum (Vaults:3)
  2 raiju (Lair:6)
  A frost giant simulacrum (Depths:4)
  A hippogriff (shapeshifter) (Vaults:5)
  10 bog bodies
  3 spriggan zombies
  An ice dragon skeleton (Depths:1)
  13 spriggans
  A flying skull (Zig:8)
  64 redbacks
  5 shadows
  10 air elementals
  25 yaks
  10 water elementals
  A tarantella (shapeshifter) (Depths:5)
  4 wraiths
  3 fire bats (Depths:5)
  27 tarantellas
  2 basilisks
  3 fire elementals
  2 wyverns
  3 dire elephant simulacra (IceCv)
  A human (shapeshifter) (D:15)
  Grum (D:10)
  2 hungry ghosts
  7 chaos spawn
  2 steam dragons
  A death yak simulacrum (IceCv)
  A yaktaur simulacrum (Vaults:3)
  2 harpy simulacra (IceCv)
  2 human simulacra (Vaults:2)
  A naga (shapeshifter) (Vaults:1)
  20 vampire mosquitoes
  10 insubstantial wisps
  3 iron troll simulacra (IceCv)
  3 hydra simulacra (IceCv)
  3 acid dragons
  13 wargs
  2 nagas (Zig:3)
  15 swamp worms
  A water moccasin (shapeshifter) (Vaults:5)
  15 hell hounds (Lair:6)
  17 water moccasins
  A floating eye (shapeshifter) (Vaults:5)
  8 porcupines
  A soldier ant (shapeshifter) (Vaults:4)
  3 floating eyes
  17 swamp drakes
  11 black bears (Lair:6)
  2 sky beasts
  20 orc warriors
  2 eyes of draining (Slime:5)
  8 ice beasts
  A fire dragon simulacrum (Depths:1)
  2 human zombies
  7 necrophages
  2 phantoms
  4 elf zombies
  38 ogres
  5 boggarts (Depths:1)
  11 crocodiles
  44 wolves
  11 centaurs
  19 bullfrogs
  A gnoll sergeant (D:8)
  4 big kobolds
  8 earth elementals
  A bullfrog (shapeshifter) (Vaults:2)
  4 small abominations
  3 glowing shapeshifter simulacra
  A wyvern skeleton (D:12)
  3 scorpions
  An elephant simulacrum (IceCv)
  4 killer bees
  A swamp dragon simulacrum (IceCv)
  An electric eel (Spider:4)
  3 crimson imps
  6 howler monkeys
  3 bullfrog zombies
  3 draconian simulacra (IceCv)
  2 quasits
  3 lava snakes (Lair:6)
  5 hounds
  23 orc wizards
  9 orc priests
  3 bullfrog skeletons
  2 gnoll shamans
  14 jellies
  An iron imp (Depths:2)
  2 iguanas
  A lightning spire (Zig:7)
  16 worker ants
  2 polar bear simulacra (IceCv)
  6 troll simulacra (IceCv)
  2 wolf simulacra (IceCv)
  A killer bee zombie (D:8)
  2 spriggan simulacra (IceCv)
  3 centaur simulacra (IceCv)
  3 hound zombies
  A howler monkey zombie (D:7)
  2 worker ant zombies
  26 gnolls
  22 adders
  5 naga simulacra (IceCv)
  7 shadow imps
  4 white imps (IceCv)
  5 ufetubi (IceCv)
  12 oozes (D:6)
  2 adder skeletons
  5 worms
  2 dart slugs
  3 leopard geckos
  65 orcs
  2 ball pythons
  7 bats
  6 giant cockroaches
  6 hobgoblins
  13 jackals
  22 kobolds
  3 quokkas
  2 frilled lizards (D:4)
  7 goblins
  A jackal skeleton (D:6)
  2 quokka zombies
  3 rats
  21 briar patches
  4 crawling corpses
  8 fungi
  2 plants (Lair:6)
  2 starspawn tentacles (Zig:2)
2454 creatures vanquished.

Vanquished Creatures (others)
  A golden dragon (Zot:2)
  A vault warden (Vaults:1)
  A stone giant (Depths:2)
  A deep elf elementalist (Elf:3)
  A merfolk javelineer (Depths:3)
  2 yaktaur captains
  3 centaur warriors
  An alligator (Swamp:1)
  2 deep elf archers (Vaults:3)
  17 yaktaurs
  A tengu conjurer (D:15)
  A jumping spider (Spider:4)
  A slime creature (Depths:3)
  2 hornets
  A redback (Spider:4)
  A centaur (D:12)
  2 white imps (IceCv)
  A kobold (D:14)
  2 briar patches
  27 fungi
  12 plants
  A withered plant (D:8)
82 creatures vanquished.

Grand Total: 2536 creatures vanquished

Notes
Turn   | Place    | Note
-------+----------+-------------------------------------------
     0 | D:1      | Gorglomux the Hill Orc Conjurer began the quest for the Orb.
     0 | D:1      | Reached XP level 1. HP: 14/14 MP: 3/3
   113 | D:1      | Reached skill level 1 in Fighting
   262 | D:1      | Reached XP level 2. HP: 24/24 MP: 0/4
   977 | D:2      | Reached skill level 3 in Fighting
   977 | D:2      | Reached XP level 3. HP: 18/31 MP: 1/5
   981 | D:2      | Learned a level 2 spell: Searing Ray
  1507 | D:2      | Found a faded altar of an unknown god.
  1825 | D:2      | Reached XP level 4. HP: 26/38 MP: 0/6
  2776 | D:3      | Reached XP level 5. HP: 37/45 MP: 2/7
  3131 | D:3      | Found an opulent altar of Gozag.
  3677 | D:4      | Found a shattered altar of Ashenzari.
  4114 | D:4      | Noticed an ogre
  4356 | D:4      | Reached XP level 6. HP: 56/56 MP: 3/8
  4598 | D:4      | Reached skill level 6 in Fighting
  4970 | D:4      | Reached XP level 7. HP: 42/66 MP: 0/9
  5386 | D:4      | Found a runed door.
  5386 | D:4      | Found a glowing silver altar of Zin.
  5386 | D:4      | Noticed an angel
  5867 | D:5      | Entered Level 5 of the Dungeon
  6802 | D:5      | Reached skill level 9 in Fighting
  7013 | D:5      | Reached skill level 1 in Axes
  7016 | D:5      | Upgraded the game from 0.21-a0-142-gdd972a7 to 0.21-a0-143-g1ab7d47
  7057 | D:5      | Reached XP level 8. HP: 72/78 MP: 6/10
  7139 | D:5      | Reached skill level 2 in Axes
  7162 | D:5      | Reached skill level 3 in Axes
  7258 | D:5      | Reached skill level 4 in Axes
  7313 | D:5      | Reached skill level 5 in Axes
  7599 | D:5      | Reached skill level 6 in Axes
  7897 | D:6      | Reached skill level 7 in Axes
  8184 | D:6      | Reached skill level 8 in Axes
  8335 | D:6      | Reached skill level 9 in Axes
  8335 | D:6      | Reached XP level 9. HP: 60/83 MP: 11/11
  8674 | D:6      | Reached skill level 10 in Axes
  8780 | D:6      | Noticed an oklob plant
  9181 | D:7      | Found a staircase to the Ecumenical Temple.
  9182 | D:7      | Found Wyutu's Armour Shoppe.
  9218 | Temple   | Entered the Ecumenical Temple
  9227 | Temple   | Became a worshipper of Warmaster Okawaru
  9248 | D:7      | Reached skill level 11 in Axes
  9474 | D:7      | Found Fagha's Food Boutique.
  9612 | D:7      | Found Ogotuowo's General Store.
  9624 | D:7      | Bought a potion of mutation for 88 gold pieces
  9624 | D:7      | Bought a scroll of fear for 38 gold pieces
  9624 | D:7      | Bought a scroll of teleportation for 33 gold pieces
  9705 | D:6      | Reached skill level 12 in Axes
 10508 | D:7      | Reached * piety under Okawaru
 10519 | D:7      | Reached skill level 13 in Axes
 10528 | D:7      | Noticed a two-headed ogre
 10548 | D:7      | Killed a two-headed ogre
 10548 | D:7      | Reached XP level 10. HP: 43/91 MP: 12/12
 10892 | D:7      | Reached ** piety under Okawaru
 10910 | D:7      | Reached skill level 14 in Axes
 10961 | D:7      | Found Peohisku's General Store.
 10964 | D:7      | Bought a scroll of identify for 32 gold pieces
 11215 | D:8      | Reached skill level 1 in Invocations
 11247 | D:8      | Noticed Prince Ribbit
 11247 | D:8      | Noticed adeptbot's ghost (journeyman GrBe)
 11502 | D:8      | Killed adeptbot's ghost
 11502 | D:8      | Reached skill level 3 in Invocations
 11898 | D:8      | Noticed a two-headed ogre
 11908 | D:8      | Killed a two-headed ogre
 11908 | D:8      | Reached skill level 3 in Armour
 11908 | D:8      | Reached skill level 3 in Shields
 12223 | D:8      | Reached *** piety under Okawaru
 12583 | D:8      | Found a staircase to the Lair.
 12952 | D:8      | Noticed a two-headed ogre
 12972 | D:8      | Killed a two-headed ogre
 12972 | D:8      | Reached skill level 6 in Invocations
 12972 | D:8      | Reached XP level 11. HP: 93/97 MP: 15/15
 13044 | D:8      | Killed Prince Ribbit
 13051 | D:8      | Reached **** piety under Okawaru
 13274 | D:9      | Noticed Maurice
 13950 | D:9      | Reached skill level 6 in Armour
 14594 | D:9      | Received a gift from Okawaru
 14594 | D:9      | Reached skill level 6 in Shields
 14621 | D:9      | Killed Maurice
 14681 | D:10     | Entered Level 10 of the Dungeon
 14684 | D:10     | Noticed Grum
 14707 | D:10     | Killed Grum
 14944 | D:10     | Found a staircase to the Orcish Mines.
 14964 | D:10     | Found a sacrificial altar of Ru.
 14973 | D:10     | Noticed Nergalle
 14998 | D:10     | Noticed a spectral orc warlord
 14998 | D:10     | Killed Nergalle
 15078 | D:10     | Found Beyhula's Weapon Boutique.
 15232 | D:10     | Bought a +0 broad axe for 44 gold pieces
 15348 | D:10     | Found Baraisch's Armour Shoppe.
 15390 | D:10     | Killed an unseen horror
 15656 | D:10     | Found Upoxo's Book Boutique.
 15961 | D:10     | Noticed a six-headed hydra
 16008 | D:10     | Killed a one-headed hydra
 16409 | D:11     | Got a crude scale mail
 16420 | D:11     | Identified the +2 scale mail "Vuawuced" {-Tele rPois rCorr Dex+8} (You found it on level 11 of the Dungeon)
 16546 | D:11     | Reached skill level 9 in Invocations
 16707 | D:11     | Reached skill level 1 in Evocations
 16714 | D:11     | Reached ***** piety under Okawaru
 16829 | D:11     | Found Duphaub's Antique Armour Boutique.
 16871 | D:11     | Reached XP level 12. HP: 100/103 MP: 18/18
 17122 | Lair:1   | Entered Level 1 of the Lair of Beasts
 17677 | Lair:1   | Reached skill level 3 in Evocations
 18399 | Lair:2   | Received a gift from Okawaru
 18402 | Lair:2   | Got a jewelled executioner's axe {god gift}
 18408 | Lair:2   | Identified the +8 executioner's axe "Cemuurch" {god gift, drain, Str+3} (Okawaru gifted it to you on level 2 of the Lair of Beasts)
 18481 | Lair:2   | Found a snail-covered altar of Cheibriados.
 18648 | Lair:2   | Reached skill level 9 in Armour
 18791 | Lair:2   | Found a staircase to the Swamp.
 19272 | Lair:3   | Reached skill level 9 in Shields
 20132 | Lair:3   | Noticed a four-headed hydra
 20135 | Lair:3   | Noticed Snorg
 20144 | Lair:3   | Killed a one-headed hydra
 20156 | Lair:3   | Killed Snorg
 20503 | Lair:3   | Reached skill level 6 in Evocations
 20717 | Lair:3   | Found a hole to the Spider Nest.
 20931 | Lair:4   | Received a gift from Okawaru
 21004 | Lair:4   | Reached XP level 13. HP: 66/110 MP: 19/19
 21664 | Lair:4   | Identified a scroll of acquirement
 22503 | Lair:4   | Reached skill level 15 in Axes
 23361 | Lair:5   | Found a staircase to the Slime Pits.
 23702 | Lair:5   | Reached skill level 16 in Axes
 23702 | Lair:5   | Received a gift from Okawaru
 23719 | Lair:5   | Got a heavily runed helmet {god gift}
 23728 | Lair:5   | Identified the +2 helmet of Melancholy {god gift, rC++} (Okawaru gifted it to you on level 5 of the Lair of Beasts)
 23970 | Lair:5   | Noticed Urug
 23996 | Lair:5   | Killed Urug
 23996 | Lair:5   | Reached skill level 17 in Axes
 24414 | Lair:5   | Reached XP level 14. HP: 115/117 MP: 20/20
 24771 | Lair:6   | Entered Level 6 of the Lair of Beasts
 24806 | Lair:6   | Reached skill level 18 in Axes
 25126 | Lair:6   | Noticed adeptbot's ghost (journeyman GrBe)
 25154 | Lair:6   | Killed adeptbot's ghost
 25814 | Lair:6   | Reached skill level 19 in Axes
 26986 | Orc:1    | Entered Level 1 of the Orcish Mines
 26988 | Orc:1    | Found a roughly hewn altar of Beogh.
 27064 | Orc:1    | Noticed Erica
 27081 | Orc:1    | Killed Erica
 27081 | Orc:1    | Reached skill level 20 in Axes
 27350 | Orc:2    | Entered Level 2 of the Orcish Mines
 27350 | Orc:2    | Found a staircase to the Elven Halls.
 27353 | Orc:2    | Found Jioschot's General Store.
 27615 | Orc:2    | Bought a scroll of magic mapping for 42 gold pieces
 27684 | Orc:2    | Found Zuageucw's Antique Weapon Shoppe.
 27737 | Orc:2    | Received a gift from Okawaru
 27854 | Orc:2    | Noticed a stone giant
 27986 | Orc:2    | Killed a stone giant
 28144 | Orc:2    | Found Yqolulug's Jewellery Shop.
 28165 | Orc:2    | Bought a +6 ring of evasion for 1170 gold pieces
 28264 | Orc:2    | Found Gotaf Fog's Antique Armour Emporium.
 28283 | Orc:2    | Reached skill level 21 in Axes
 28286 | Orc:2    | Reached XP level 15. HP: 91/123 MP: 14/21
 29216 | D:12     | Found Yhuopu's Weapon Shoppe.
 29307 | D:12     | Noticed Harold
 29330 | D:12     | Killed Harold
 29742 | D:13     | Found a gate to the Vaults.
 29748 | D:13     | Got a faintly glowing battleaxe
 29754 | D:13     | Identified the +7 battleaxe "Jypp" {flame, Str+4} (You acquired it on level 13 of the Dungeon)
 30369 | D:14     | Found Ippubux's Food Boutique.
 30730 | D:14     | Received a gift from Okawaru
 30804 | D:15     | Entered Level 15 of the Dungeon
 30827 | D:15     | Reached skill level 3 in Dodging
 30940 | D:15     | Found a flickering gateway to a bazaar.
 30971 | Bazaar   | Entered a bazaar
 30971 | Bazaar   | Found Kerum's Armour Boutique.
 30971 | Bazaar   | Found Tuiren's Antique Weapon Shop.
 30971 | Bazaar   | Found Riurirr's Antique Armour Shop.
 30983 | Bazaar   | Bought the +0 pair of fencer's gloves {+Riposte Dex+3} for 440 gold pieces
 31076 | D:15     | Found a glowing silver altar of Zin.
 31076 | D:15     | Noticed an angel
 31236 | D:15     | Found a staircase to the Depths.
 31690 | D:15     | Reached skill level 12 in Armour
 32315 | D:14     | Reached XP level 16. HP: 114/136 MP: 22/22
 32763 | Swamp:1  | Entered Level 1 of the Swamp
 33318 | Swamp:1  | Received a gift from Okawaru
 33821 | Swamp:2  | Reached skill level 12 in Fighting
 33895 | Swamp:2  | Reached skill level 6 in Dodging
 33916 | Swamp:2  | Noticed a thorn hunter
 33930 | Swamp:2  | Killed a thorn hunter
 35167 | Swamp:3  | Reached ****** piety under Okawaru
 35194 | Swamp:3  | Received a gift from Okawaru
 35554 | Swamp:3  | Noticed a thorn hunter
 35567 | Swamp:3  | Killed a thorn hunter
 36075 | Swamp:4  | Entered Level 4 of the Swamp
 36122 | Swamp:4  | Noticed Roxanne
 36130 | Swamp:4  | Noticed a thorn hunter
 36145 | Swamp:4  | Killed Roxanne
 36145 | Swamp:4  | Reached XP level 17. HP: 80/149 MP: 21/23
 36146 | Swamp:4  | Identified Roxanne's Incunabulum of Transformation (You took it off Roxanne on level 4 of the Swamp)
 36830 | Swamp:4  | Received a gift from Okawaru
 37296 | Swamp:4  | Received a gift from Okawaru
 38155 | Swamp:4  | Got a decaying rune of Zot
 38501 | Spider:1 | Entered Level 1 of the Spider Nest
 38546 | Spider:1 | Reached skill level 15 in Armour
 39816 | Spider:2 | Reached skill level 9 in Dodging
 40809 | Spider:3 | Reached XP level 18. HP: 137/161 MP: 17/24
 40922 | Spider:3 | Reached skill level 15 in Fighting
 41582 | Spider:4 | Entered Level 4 of the Spider Nest
 42477 | Spider:4 | Received a gift from Okawaru
 42477 | Spider:4 | Reached skill level 12 in Shields
 42504 | Spider:4 | Got a fine granite ring
 42505 | Spider:4 | Identified the ring "Rioc" {*Tele rN+ Dex+6} (You found it on level 4 of the Spider Nest)
 43551 | Spider:4 | Got a gossamer rune of Zot
 43788 | Spider:4 | Received a gift from Okawaru
 44217 | Vaults:1 | Entered Level 1 of the Vaults
 44586 | Vaults:1 | Reached XP level 19. HP: 138/171 MP: 18/25
 44622 | Vaults:1 | Found Vorossat's Antique Armour Shop.
 45064 | Vaults:1 | Got a distressingly furry plate armour
 45075 | Vaults:1 | Identified the cursed +1 plate armour "Qyptait" {rPois rC- Regen+ Str+5} (You found it on level 1 of the Vaults)
 45306 | Vaults:1 | Received a gift from Okawaru
 45313 | Vaults:1 | HP: 2/173 [vault warden/great sword of freezing (21)]
 45932 | Vaults:1 | Identified the +9 chain mail of Perpetual Drought {Regen+ Str+2 Slay+3} (You found it on level 1 of the Vaults)
 46350 | Vaults:1 | Paralysed by a great orb of eyes for 6 turns
 46625 | Vaults:2 | Received a gift from Okawaru
 46751 | Vaults:2 | Found Faxevupn's Magic Scroll Shop.
 46759 | Vaults:2 | Bought a scroll of blinking for 105 gold pieces
 46759 | Vaults:2 | Bought a scroll of recharging for 133 gold pieces
 46759 | Vaults:2 | Bought a scroll of summoning for 133 gold pieces
 46759 | Vaults:2 | Bought a scroll of silence for 105 gold pieces
 46759 | Vaults:2 | Bought a scroll of holy word for 105 gold pieces
 46759 | Vaults:2 | Bought a scroll of summoning for 133 gold pieces
 46759 | Vaults:2 | Bought 2 scrolls of summoning for 266 gold pieces
 46759 | Vaults:2 | Bought 2 scrolls of enchant armour for 210 gold pieces
 46759 | Vaults:2 | Bought a scroll of teleportation for 42 gold pieces
 47598 | Vaults:2 | Reached XP level 20. HP: 184/184 MP: 26/26
 47862 | Vaults:3 | Received a gift from Okawaru
 48124 | Vaults:3 | Reached skill level 9 in Evocations
 48742 | Vaults:3 | Reached skill level 15 in Shields
 48855 | Vaults:3 | Found Arghi's Antique Armour Shoppe.
 48907 | Vaults:3 | Bought a dazzling helmet for 285 gold pieces
 48907 | Vaults:3 | Identified the +4 helmet of Tulips {rC+ rN+} (You bought it in a shop on level 3 of the Vaults)
 48968 | Vaults:3 | Reached skill level 18 in Fighting
 49196 | Vaults:3 | Received a gift from Okawaru
 49259 | Vaults:3 | Found a staircase to the Crypt.
 49754 | Vaults:4 | Reached skill level 18 in Armour
 49945 | Vaults:4 | Reached XP level 21. HP: 195/195 MP: 28/28
 50000 | Vaults:4 | Noticed Bai Suzhen
 50011 | Vaults:4 | Noticed Frederick
 50028 | Vaults:4 | Killed Frederick
 50246 | Vaults:4 | Killed Bai Suzhen
 51044 | Vaults:4 | Received a gift from Okawaru
 51357 | Depths:1 | Entered Level 1 of the Depths
 51698 | Depths:1 | Noticed the Enchantress
 51723 | Depths:1 | Killed the Enchantress
 51788 | Depths:1 | Paralysed by a vampire knight for 7 turns
 52062 | Depths:1 | Found a snail-covered altar of Cheibriados.
 52211 | Depths:1 | Found a gateway to Hell.
 52218 | Depths:1 | Found a one-way gate to the infinite horrors of the Abyss.
 52385 | Depths:2 | Reached skill level 12 in Evocations
 52394 | Depths:2 | Reached XP level 22. HP: 200/206 MP: 23/31
 52442 | Depths:2 | Identified the Collected Works on the Volcanoes
 53737 | Depths:3 | Found a runed warning-scrawled door.
 53838 | Depths:3 | Found a runed door.
 53861 | Depths:3 | Received a gift from Okawaru
 54078 | Depths:3 | Found a glowing golden altar of the Shining One.
 54560 | Depths:3 | Found a runed door.
 54581 | Depths:3 | Found a one-way gate leading to the halls of Pandemonium.
 54910 | Depths:4 | Reached XP level 23. HP: 184/216 MP: 27/33
 54923 | Depths:4 | Noticed a caustic shrike
 54932 | Depths:4 | Received a gift from Okawaru
 54946 | Depths:4 | Killed a caustic shrike
 55039 | Depths:4 | Noticed a juggernaut
 55057 | Depths:4 | Killed a juggernaut
 55100 | Depths:4 | Noticed a golden dragon
 55109 | Depths:4 | Killed a golden dragon
 55109 | Depths:4 | Reached skill level 18 in Shields
 55175 | Depths:4 | Received a gift from Okawaru
 55182 | Depths:4 | Paralysed by a floating eye for 4 turns
 55185 | Depths:4 | Noticed a golden dragon
 55208 | Depths:4 | Killed a golden dragon
 55686 | Depths:4 | Found a portal to a secret trove of treasure.
 55861 | Depths:4 | You paid a toll of a +4 demon whip to enter a treasure trove
 55862 | Trove    | Entered a treasure trove
 55867 | Trove    | Got an ancient emerald amulet
 55868 | Trove    | Identified the amulet "Meniz" {Fragile +Rage +Inv rPois rN+} (You found it in a treasure trove)
 55873 | Trove    | Got a clouded jade amulet
 55874 | Trove    | Identified the amulet of Itupse {Reflect rC+ Int+3 Dex+4 SH+2} (You found it in a treasure trove)
 55877 | Trove    | Got a pitted amethyst amulet
 55878 | Trove    | Identified the amulet "Hottedgh" {Spirit rF+ rN++ MR+} (You found it in a treasure trove)
 55881 | Trove    | Got a scintillating platinum ring
 55890 | Trove    | Identified the amulet "Kaick" {+Rage rC+ Str+4 Slay+3} (You found it in a treasure trove)
 55892 | Trove    | Identified the amulet "Pirirph" {Spirit Str+2} (You found it in a treasure trove)
 55896 | Trove    | Identified the amulet "Yjufuetoef" {Gourm rN+} (You found it in a treasure trove)
 55901 | Trove    | Identified the ring "Muecibi" {MP+9 Stlth+} (You found it in a treasure trove)
 55908 | Trove    | Identified the ring of Honesty {*Slow rF+++ Int+4 SInv} (You found it in a treasure trove)
 55919 | Trove    | Got a slimy marble ring
 55922 | Trove    | Identified the ring "Uqotam" {Wiz *Corrode rC+ Str+9 Dex-3} (You found it in a treasure trove)
 56001 | Depths:5 | Entered Level 5 of the Depths
 56244 | Depths:5 | Found a gateway to a ziggurat.
 56247 | Depths:5 | Paralysed by a floating eye for 4 turns
 56275 | Depths:4 | Reached skill level 21 in Fighting
 56439 | Depths:5 | Received a gift from Okawaru
 56443 | Depths:5 | Reached skill level 22 in Axes
 56562 | Depths:5 | Reached XP level 24. HP: 214/228 MP: 32/33
 56622 | Depths:5 | Paralysed by a floating eye for 4 turns
 56635 | Depths:5 | Paralysed by a floating eye for 4 turns
 56645 | Depths:5 | Paralysed by a floating eye for 3 turns
 56654 | Depths:5 | Paralysed by a floating eye for 4 turns
 56675 | Depths:5 | Received a gift from Okawaru
 56690 | Depths:5 | Found a gate to the Realm of Zot.
 56709 | Depths:5 | HP: 11/228 [shadow dragon (2)]
 57145 | Depths:5 | Paralysed by a floating eye for 3 turns
 57157 | Depths:5 | Paralysed by a floating eye for 3 turns
 58245 | D:15     | Received a gift from Okawaru
 58388 | Elf:1    | Entered Level 1 of the Elven Halls
 58456 | Elf:1    | Found an ancient bone altar of Kikubaaqudgha.
 58500 | Elf:1    | Found Qechatio's Distillery.
 58557 | Elf:1    | Bought a potion of mutation for 112 gold pieces
 58557 | Elf:1    | Bought a potion of agility for 56 gold pieces
 58557 | Elf:1    | Bought a potion of might for 56 gold pieces
 58557 | Elf:1    | Bought a potion of agility for 56 gold pieces
 58557 | Elf:1    | Bought a potion of haste for 140 gold pieces
 58557 | Elf:1    | Bought a potion of might for 56 gold pieces
 58557 | Elf:1    | Bought a potion of agility for 56 gold pieces
 58661 | Elf:1    | Found a frozen archway.
 58675 | IceCv    | Entered an ice cave
 58808 | IceCv    | Identified the Grimoire of Frigorific Bewitchment
 59476 | Elf:1    | Reached skill level 21 in Armour
 59511 | Elf:1    | Identified the Papyrus of Darkness
 59790 | Elf:2    | Found Samigo's Food Shop.
 59902 | Elf:2    | Found a huge runed gate.
 59902 | Elf:2    | Found a huge runed gate.
 59902 | Elf:2    | Found a huge runed gate.
 59902 | Elf:2    | Found a huge runed gate.
 59902 | Elf:2    | Found a huge runed gate.
 60029 | Elf:2    | Received a gift from Okawaru
 60175 | Elf:2    | Noticed Asterion
 60195 | Elf:2    | Killed Asterion
 60536 | Elf:2    | Reached skill level 23 in Axes
 60694 | Elf:3    | Entered Level 3 of the Elven Halls
 60740 | Elf:3    | Noticed Jorgrun
 60754 | Elf:3    | Killed Jorgrun
 61064 | Elf:3    | Reached XP level 25. HP: 228/238 MP: 32/33
 61303 | Elf:3    | Received a gift from Okawaru
 61513 | Elf:3    | Identified the ring "Jesug" {*Corrode rPois rN+ MR++} (You took it off a deep elf elementalist on level 3 of the Elven Halls)
 61584 | Elf:3    | Identified the Catalogue of Quantum Dark Secrets
 61988 | Vaults:5 | Entered Level 5 of the Vaults
 62266 | Vaults:5 | Noticed Sojobo
 62267 | Vaults:5 | Found Ahikuo's Book Shop.
 62397 | Vaults:5 | Noticed an ancient lich
 62412 | Vaults:5 | Killed an ancient lich
 62412 | Vaults:5 | Received a gift from Okawaru
 62433 | Vaults:5 | Killed Sojobo
 62581 | Vaults:5 | Reached skill level 24 in Axes
 62698 | Vaults:5 | Received a gift from Okawaru
 62771 | Vaults:5 | Paralysed by a sphinx for 7 turns
 62798 | Vaults:5 | Reached skill level 21 in Shields
 62800 | Vaults:5 | Reached XP level 26. HP: 250/250 MP: 27/33
 62826 | Vaults:5 | Received a gift from Okawaru
 62858 | Vaults:5 | Received a gift from Okawaru
 63256 | Vaults:5 | Got a silver rune of Zot
 63382 | Vaults:5 | Identified the +2 helmet "Tugrirym" {+Blink Dex+3} (You found it on level 5 of the Vaults)
 63506 | Vaults:5 | Reached skill level 25 in Axes
 63954 | Vaults:5 | Identified the +5 broad axe "Guetwida" {drain, MR+} (You took it off an ironheart preserver on level 5 of the Vaults)
 63955 | Vaults:5 | Identified the ring of Rosuak {rN++ AC+1} (You took it off an ironheart preserver on level 5 of the Vaults)
 64199 | Vaults:5 | Identified the cursed +1 plate armour of Mosinwetz {rPois MR+ Str+8} (You took it off a vault guard on level 5 of the Vaults)
 64555 | Slime:1  | Entered Level 1 of the Pits of Slime
 64629 | Slime:2  | Reached XP level 27. HP: 241/260 MP: 30/33
 64702 | Slime:4  | Reached skill level 24 in Fighting
 64763 | Slime:5  | Entered Level 5 of the Pits of Slime
 64797 | Slime:5  | Gained mutation: You are dopey. (Int -2) [a shining eye]
 64804 | Slime:5  | Found a viscous altar of Jiyva.
 64805 | Slime:5  | Noticed the Royal Jelly
 64819 | Slime:5  | Killed the Royal Jelly
 64819 | Slime:5  | Received a gift from Okawaru
 64860 | Slime:5  | Identified the +0 helmet "Mymuret" {god gift, rF- rC++ MR++} (Okawaru gifted it to you on level 5 of the Pits of Slime)
 64899 | Slime:5  | Identified Oziqu's Guide on Igneous Companions
 64938 | Slime:5  | Identified the ring of Wesin {Fire -Tele rPois Dex+5} (You found it on level 5 of the Pits of Slime)
 64965 | Slime:5  | Got a slimy rune of Zot
 65405 | Depths:5 | Paralysed by a floating eye for 2 turns
 65409 | Depths:5 | Paralysed by a floating eye for 3 turns
 65426 | Zig:1    | Entered Level 1 of a ziggurat
 65426 | Zig:1    | Noticed Irchinnor the pandemonium lord
 65438 | Zig:1    | Killed Irchinnor the pandemonium lord
 65452 | Zig:2    | Entered Level 2 of a ziggurat
 65483 | Zig:3    | Entered Level 3 of a ziggurat
 65507 | Zig:4    | Entered Level 4 of a ziggurat
 65508 | Zig:4    | Noticed Veanoem the pandemonium lord
 65544 | Zig:4    | Killed Veanoem the pandemonium lord
 65553 | Zig:4    | Reached skill level 15 in Evocations
 65591 | Zig:5    | Entered Level 5 of a ziggurat
 65596 | Zig:5    | Noticed Yrunn the pandemonium lord
 65614 | Zig:5    | Killed Yrunn the pandemonium lord
 65945 | Zig:6    | Entered Level 6 of a ziggurat
 66002 | Zig:7    | Entered Level 7 of a ziggurat
 66014 | Zig:7    | Gained mutation: Scrolls take you a little longer to read. [a shining eye]
 66056 | Zig:7    | Gained mutation: You are partially covered in icy blue scales. (AC +2) [mutagenic meat]
 66057 | Zig:7    | Gained mutation: Your magical capacity is low. (-10% MP) [mutagenic meat]
 66059 | Zig:7    | Gained mutation: Your spells are a little easier to cast, but a little less powerful. [mutagenic meat]
 66060 | Zig:7    | Gained mutation: You are partially covered in slimy green scales. (AC +2) [mutagenic meat]
 66061 | Zig:7    | Gained mutation: Your magical capacity is very low. (-20% MP) [mutagenic meat]
 66067 | Zig:7    | Gained mutation: Your skin changes colour to match your surroundings (Stealth+). [mutagenic meat]
 66069 | Zig:7    | Lost mutation: Your magical capacity is very low. (-20% MP) [potion of mutation]
 66069 | Zig:7    | Lost mutation: Your magical capacity is low. (-10% MP) [potion of mutation]
 66069 | Zig:7    | Lost mutation: Scrolls take you a little longer to read. [potion of mutation]
 66069 | Zig:7    | Lost mutation: Your spells are a little easier to cast, but a little less powerful. [potion of mutation]
 66069 | Zig:7    | Lost mutation: You are dopey. (Int -2) [potion of mutation]
 66069 | Zig:7    | Gained mutation: You are robust. (+10% HP) [potion of mutation]
 66069 | Zig:7    | Gained mutation: You have a pair of small antennae on your head. [potion of mutation]
 66069 | Zig:7    | Gained mutation: Your spells are a little harder to cast, but a little more powerful. [potion of mutation]
 66069 | Zig:7    | Gained mutation: You are mostly covered in slimy green scales. (AC +3) [potion of mutation]
 66070 | Zig:7    | Lost mutation: You are robust. (+10% HP) [potion of mutation]
 66070 | Zig:7    | Lost mutation: You have a pair of small antennae on your head. [potion of mutation]
 66070 | Zig:7    | Lost mutation: Your spells are a little harder to cast, but a little more powerful. [potion of mutation]
 66070 | Zig:7    | Lost mutation: Your skin changes colour to match your surroundings (Stealth+). [potion of mutation]
 66070 | Zig:7    | Lost mutation: You are partially covered in icy blue scales. (AC +2) [potion of mutation]
 66070 | Zig:7    | Gained mutation: You tend to lose your temper in combat. [potion of mutation]
 66070 | Zig:7    | Gained mutation: You have large cloven feet. [potion of mutation]
 66070 | Zig:7    | Gained mutation: You are robust. (+10% HP) [potion of mutation]
 66071 | Zig:7    | Lost mutation: You have large cloven feet. [potion of mutation]
 66071 | Zig:7    | Lost mutation: You are robust. (+10% HP) [potion of mutation]
 66071 | Zig:7    | Lost mutation: You tend to lose your temper in combat. [potion of mutation]
 66071 | Zig:7    | Lost mutation: You are mostly covered in slimy green scales. (AC +3) [potion of mutation]
 66071 | Zig:7    | Lost mutation: You are partially covered in slimy green scales. (AC +2) [potion of mutation]
 66071 | Zig:7    | Gained mutation: You are surrounded by a mild repulsion field. (EV +2) [potion of mutation]
 66071 | Zig:7    | Gained mutation: You tend to lose your temper in combat. [potion of mutation]
 66071 | Zig:7    | Lost mutation: You tend to lose your temper in combat. [potion of mutation]
 66071 | Zig:7    | Gained mutation: You passively map a small area around you. [potion of mutation]
 66082 | Zig:7    | Identified the Compendium of Creative Feathers
 66084 | Zig:7    | Identified the +0 pair of gloves of Qaaryfunu {Str+4 Int+3 Stlth+} (You found it on level 7 of a ziggurat)
 66092 | Zig:8    | Entered Level 8 of a ziggurat
 66225 | Zig:8    | Identified the ring of the Genius {MR+ Str+3 Int+3 SInv Stlth+} (You found it on level 8 of a ziggurat)
 66291 | Zig:8    | Identified the Tome of the Earthen Oath
 66297 | Zig:8    | Learned a level 2 spell: Passwall
 66338 | Zot:1    | Entered Level 1 of the Realm of Zot
 66354 | Zot:1    | Reached skill level 1 in Earth Magic
 66359 | Zot:1    | Reached skill level 1 in Transmutations
 66401 | Zot:2    | Received a gift from Okawaru
 66812 | Zot:3    | Reached skill level 12 in Dodging
 66812 | Zot:3    | Reached skill level 3 in Spellcasting
 66812 | Zot:3    | Reached skill level 3 in Earth Magic
 66901 | Zot:3    | Learned a level 3 spell: Regeneration
 66904 | Zot:3    | Learned a level 2 spell: Song of Slaying
 66925 | Zot:5    | Entered Level 5 of the Realm of Zot
 66996 | Zot:5    | Reached skill level 1 in Charms
 66996 | Zot:5    | Reached skill level 1 in Necromancy
 67417 | Zot:5    | Reached skill level 3 in Charms
 67417 | Zot:5    | Reached skill level 3 in Necromancy
 67490 | Zot:5    | Noticed an ancient lich
 67500 | Zot:5    | Killed an ancient lich
 67514 | Zot:5    | Noticed an ancient lich
 67515 | Zot:5    | Noticed an ancient lich
 67521 | Zot:5    | Noticed an ancient lich
 67523 | Zot:5    | Noticed an orb of fire
 67527 | Zot:5    | Killed an ancient lich
 67527 | Zot:5    | Received a gift from Okawaru
 67542 | Zot:5    | Gained mutation: You are weak. (Str -2) [an orb of fire]
 67545 | Zot:5    | Killed from afar by an ancient lich

Vault maps used:
D:1:      saegor_arrival_under_anarchy, minmay_pentomino_o2
D:2:      chequers_ecumenical_altar_simple_redux
D:3:      nicolae_gozag_seed_capital
D:4:      ashenzari_altar_1, lemuel_angel_altar
D:5:      first_bread, abandoned_shop
D:6:      lemuel_slime
D:7:      temple_pool_b, serial_shops, shop, nicolae_shop_statue_plus,
          kennysheep_mini_moat, shop, grunt_ogre_cave, minmay_misc_feat_iff
D:8:      erik_lair_orcish_takeover, serial_undead, serial_undead_c,
          serial_undead_a, serial_undead_e, serial_undead_b, uniq_prince_ribbit1
D:9:      kennysheep_cross_bottleneck, uniq_maurice
D:10:     orc_0_dummy, serial_shops, shop, nicolae_shop_crystal,
          nicolae_shop_behind_doors, nicolae_ru_the_path_less_chosen,
          uniq_nergalle, uniq_grum
D:11:     serial_shops, nicolae_shop_waterfront
D:12:     serial_shops, nicolae_shop_temple_entry_statues_fountains, uniq_harold
D:13:     erik_vaults_1
D:14:     cheibrodos_breeding_chamber, serial_shops, nicolae_shop_stone
D:15:     gammafunk_enter_depths_forms, zin_angel, serial_shops, bzr_entry_gold,
          feat_on_display
Temple:   nicolae_temple_the_god_donut
Lair:2:   swamp_mist, basic_altar, minmay_lair_oklob_chamber, grunt_megastairs_5
Lair:3:   spider_nest_entry_rubble, uniq_snorg
Lair:4:   grunt_forest_large_clearings
Lair:5:   minmay_slime_entry_pillars, grunt_megastairs_1,
          infiniplex_staircase_pool, uniq_urug
Lair:6:   hangedman_lair_caniforms_friends, disabler_island,
          infiniplex_staircase_pool_2
Swamp:1:  evilmike_swamp_ruin_house_2, swamp_pool5, nicolae_swamp_spriggan_camp
Swamp:2:  serial_swamp_ruin, hangedman_swamp_ruin_wall,
          evilmike_swamp_ruin_house_6, evilmike_swamp_ruin_wall
Swamp:3:  evilmike_swamp_ruin_house_1, nicolae_swamp_snake_nest
Swamp:4:  swamp_basic_johnstein, nicolae_swamp_little_tower, uniq_roxanne
Spider:2: guppyfry_spider_mini_2
Spider:3: hangedman_spider_tarantella_strand
Spider:4: grunt_spider_rune_circles
Orc:1:    basic_altar, uniq_erica
Orc:2:    grunt_orc_gardens, grunt_orc_garden, grunt_orc_garden,
          grunt_orc_garden, grunt_orc_garden
Elf:1:    portal_ice_cave_entry_ice_statue_one, serial_shops, shop, basic_altar,
          minmay_elf_necromancy
Elf:2:    serial_shops, shop, minivault_27, uniq_asterion
Elf:3:    minmay_elf_hall_curves, uniq_jorgrun
Vaults:1: vaults_mumra_hex, nicolae_vaults_halls_meeting, v_misc_1,
          nicolae_vaults_border_crossing, v_alt_pattern_2,
          nicolae_vaults_diagonal_hallway_6, ontoclasm_vaults_eye, serial_shops,
          shop
Vaults:2: v_misc_19, dpeg_vaults_monster_row, nicolae_vaults_puzzle_piece,
          v_misc_4, v_rooms_6, v_alt_pattern_2, vaults_mumra_chevron, v_misc_17,
          nicolae_vaults_asterisk, nicolae_vaults_specimen_jars,
          nicolae_vaults_alarming, serial_shops, shop
Vaults:3: ontoclasm_vaults_gallery, grunt_vaults_trifunnel,
          minmay_crypt_entry_skeletal_spiral, nicolae_vaults_ring_of_whatevers,
          v_rooms_5, hangedman_vaults_restitches,
          nicolae_vaults_diagonal_hallway_6, vaults_room_fours, v_misc_11,
          hangedman_vaults_capsules, serial_shops, nicolae_shop_stone
Vaults:4: v_alt_pattern_6, hangedman_vaults_nails,
          nicolae_vaults_network_quincunx, vaults_dpeg_spiral, v_misc_30,
          vaults_room_corners, vaults_mumra_minichess, vaults_mumra_lcd,
          nicolae_vaults_angled_halls, v_alt_pattern_4,
          nicolae_vaults_little_squares_2, nicolae_vaults_little_squares_4,
          nicolae_vaults_quartermaster, serial_shops, bzr_entry_safe,
          uniq_frederick, uniq_bai_suzhen
Vaults:5: serial_shops, uniq_sojobo
Depths:1: hangedman_abyss_or_decor_jellyfish_corner, hell_entry, abyss_entry,
          cheibriados_altar_1, uniq_enchantress
Depths:2: minmay_strange_plus, grunt_hell_entry_dis_old, abyss_entry
Depths:3: kennysheep_four_of_diamonds, hell_entry, tso_altar,
          rand_demon_pan_entry_1, grunt_decor_arrowhead, mikee_hates_you,
          minmay_staircase_windowed_large
Depths:4: minmay_crescents, minmay_misc_feat_four_crosses, enter_trove_6,
          hell_entry, minmay_room_of_horrors
Depths:5: grunt_zot_entry_bicorn, enter_ziggurat_d, abyss_entry,
          minmay_misc_feat_encased, hell_entry, serial_bayou_shore_b
Zot:1:    cheibrodos_zot_enchanting_chambers
Bazaar:   bazaar_outfitter
Trove:    trove_jewellery_lava
IceCv:    ice_cave_caverns_02

Skill      XL: |  1  2  3  4  5  6  7  8  9 10 11 12 13 14 15 16 17 18 19 20 21 22 23 24 25 26 27 |
---------------+----------------------------------------------------------------------------------+-----
Fighting       | 1 3 5 7 9 11 13 14 16 17 18 19 20 21 22 23 24 | 24.6
Conjurations   | 5 |  5.4
Axes           | 1 9 13 14 17 21 22 23 24 25 | 25.1
Invocations    | 6 9 11 | 11.1
Armour         | 5 7 10 11 12 14 15 16 17 18 19 20 21 22 23 | 23.5
Shields        | 5 7 10 11 13 14 15 16 17 18 19 21 22 23 | 23.3
Evocations     | 2 6 8 10 12 13 14 16 | 16.0
Dodging        | 4 7 9 10 12 | 12.1
Earth Magic    | 3 |  3.6
Spellcasting   | 5 |  5.5
Transmutations | 2 |  2.9
Charms         | 5 |  5.0
Necromancy     | 5 |  5.3
Stealth        | |  1.5

Action                   |  1- 3 |  4- 6 |  7- 9 | 10-12 | 13-15 | 16-18 | 19-21 | 22-24 | 25-27 || total
-------------------------+-------+-------+-------+-------+-------+-------+-------+-------+-------++-------
Melee: Dagger            |    72 |   122 |   138 |       |       |       |       |       |       ||   332
       Unarmed           |     2 |       |       |       |       |       |       |       |       ||     2
       War axe           |       |       |   223 |   447 |       |       |       |       |       ||   670
       Broad axe         |       |       |       |   447 |  1712 |  1085 |  1526 |  1497 |  1277 ||  7544
       Hand axe          |       |       |       |    17 |    34 |       |       |       |       ||    51
       Battleaxe         |       |       |       |       |    11 |   627 |       |       |       ||   638
Throw: Throwing net      |       |     2 |       |     4 |     2 |       |       |       |       ||     8
       Javelin           |       |     3 |    17 |    20 |     9 |       |       |       |       ||    49
 Cast: Magic Dart        |    44 |    69 |    73 |       |       |       |       |       |       ||   186
       Searing Ray       |     1 |    14 |    34 |       |       |       |       |       |       ||    49
       Song of Slaying   |       |       |       |       |       |       |       |       |     1 ||     1
Invok: Heroism           |       |       |       |    23 |    33 |    26 |    18 |    21 |    20 ||   141
       Finesse           |       |       |       |     1 |    15 |    12 |     9 |     9 |    14 ||    60
Evoke: Wand              |       |       |     6 |     7 |     7 |     8 |     4 |       |     6 ||    38
  Use: Scroll            |       |     5 |     4 |    26 |     8 |    15 |    14 |    24 |    30 ||   126
       Potion            |       |     3 |     2 |       |       |     1 |     1 |     4 |    14 ||    25
 Stab: Sleeping          |     2 |     1 |       |       |       |       |       |       |       ||     3
       Held in net/web   |       |     1 |       |       |       |       |       |       |       ||     1
       Paralysed         |       |       |     1 |    14 |     6 |     9 |     3 |       |     3 ||    36
       Confused          |       |       |       |     3 |       |     1 |       |       |       ||     4
       Distracted        |       |       |       |       |       |     1 |       |     2 |     1 ||     4
  Eat: Chunk             |    14 |    13 |    22 |    48 |    31 |    19 |    14 |    19 |    13 ||   193
       Fruit             |       |       |       |       |       |    10 |     6 |       |       ||    16
       Meat ration       |       |       |       |       |       |     3 |     1 |     2 |     4 ||    10
       Royal jelly       |       |       |       |       |       |       |     1 |       |       ||     1
Armor: Robe              |    11 |    33 |   119 |     7 |       |       |       |       |       ||   170
       Skin              |       |       |    14 |       |       |       |       |       |     3 ||    17
       Chain mail        |       |       |       |   374 |   566 |   152 |   219 |   354 |   228 ||  1893
       Plate armour      |       |       |       |       |       |   662 |    54 |       |       ||   716
Dodge: Dodged            |    44 |    65 |   311 |   210 |   350 |   949 |   441 |   429 |   290 ||  3089
Block: Buckler           |       |       |       |   135 |       |       |       |       |       ||   135
       Large shield      |       |       |       |   332 |  1487 |  1200 |  1278 |  1658 |  1206 ||  7161
       Reflection        |       |       |       |       |    31 |    13 |   164 |    41 |       ||   249
       Other             |       |       |       |       |     2 |    60 |       |       |       ||    62
       Rpst.: Broad axe  |       |       |       |       |    10 |    69 |    71 |    58 |    34 ||   242
       Battleaxe         |       |       |       |       |       |    97 |       |       |       ||    97
